 Dungeon Crawl Stone Soup version 0.30-a0-1114-gd936c97349 (webtiles) character file.

Game seed: 361452965299680819

3204 IdlyInterested the Slicer (level 9, -7/71 HPs)
             Began as a Demonspawn Fighter on Apr 20, 2023.
             Mangled by an orc knight
             ... wielding a +0 broad axe
              (27 damage)
             ... in a bailey.
             The game lasted 00:26:44 (6287 turns).

IdlyInterested the Slicer (Demonspawn Fighter)      Turns: 6287, Time: 00:26:44

Health: -7/71      AC: 11    Str: 19    XL:     9   Next: 65%
Magic:  7/12       EV: 11    Int: 19    God:
Gold:   273        SH:  4    Dex: 11    Spells: 7/12 levels left

rFire   . . .      SeeInvis .    D - +6 dagger "Dyavo" {pain, rC+ Str+2 Int+7 Dex-3}
rCold   + . .      Faith    .    c - +0 buckler
rNeg    . . .      Spirit   .    x - +0 troll leather armour {Pargi}
rPois   +          Reflect  .    (no helmet)
rElec   .          Rampage  .    (no cloak)
rCorr   .                        (no gloves)
Will    .....                    o - +0 pair of boots
Stlth   ++                       G - amulet of regeneration
HPRegen 1.91/turn                j - +4 ring of protection
MPRegen 0.13/turn                I - ring of poison resistance

@: no status effects
A: slimy green scales 1, demonic magic 1, weakness stinger 1
a: no special abilities


You were in a bailey.
You visited 1 branch of the dungeon, and saw 7 of its levels.
You also visited: Bailey.

You collected 273 gold pieces.

Inventory:

Hand Weapons
 g - a +0 short sword
 C - a +2 dagger of speed
 D - the +6 dagger "Dyavo" (weapon) {pain, rC+ Str+2 Int+7 Dex-3}
   (You found it on level 4 of the Dungeon)

   Str:       It affects your strength (+2).
   Int:       It affects your intelligence (+7).
   Dex:       It affects your dexterity (-3).
   rC:        It protects you from cold.
 N - a +0 rapier
Missiles
 a - 6 boomerangs
 h - 29 stones (quivered)
 y - 19 poisoned darts
 z - 6 curare-tipped darts
 K - 2 boomerangs of dispersal
Armour
 b - a +0 scale mail
 c - a +0 buckler (worn)
 o - a +0 pair of boots (worn)
 u - a +0 chain mail
 x - a +0 troll leather armour (worn) {Pargi}
 J - +0 steam dragon scales
Jewellery
 j - a +4 ring of protection (left hand)
 G - an amulet of regeneration (around neck)
 I - a ring of poison resistance (right hand)
Wands
 l - a wand of flame (11)
 F - a wand of paralysis (11)
 H - a wand of digging (5)
 M - a wand of polymorph (8)
Scrolls
 f - 4 scrolls of identify {unknown}
 i - 2 scrolls of enchant armour {unknown}
 n - 4 scrolls of amnesia {unknown}
 p - 3 scrolls of poison {unknown}
 r - 2 scrolls of noise {unknown}
 w - 2 scrolls of fear {unknown}
 A - a scroll of teleportation {unknown}
 B - 2 scrolls of vulnerability {unknown}
 L - a scroll of magic mapping {unknown}
 O - a scroll of acquirement
Potions
 d - a potion of might
 e - 2 potions of invisibility {unknown}
 k - 4 potions of heal wounds {unknown}
 m - 2 potions of ambrosia {unknown}
 q - a potion of degeneration {unknown}
 s - 3 potions of mutation {unknown}
 t - 3 potions of brilliance {unknown}
 v - 4 potions of curing {unknown}
 E - 2 potions of flight {unknown}


   Skills:
 + Level 6.9 Fighting
 * Level 8.1 Short Blades
 - Level 1.7 Axes
 - Level 2.0 Throwing
 - Level 2.6 Armour
 + Level 3.1 Dodging
 - Level 2.0 Stealth
 - Level 2.6 Shields
 - Level 2.0 Spellcasting
 - Level 2.0 Conjurations
 - Level 2.0 Hexes
 + Level 4.4 Necromancy
 - Level 2.0 Evocations


You had 7 spell levels left.
You knew the following spells:

 Your Spells              Type           Power      Damage    Failure   Level
a - Foxfire               Conj/Fire      20%        2x1d5     17%         1
b - Dazzling Flash        Conj/Hex       18%        N/A       34%         3
c - Necrotise             Necr           72%        1d7       4%          1

Your spell library contained the following spells:

 Spells                   Type           Power      Damage    Failure   Level
 Vampiric Draining        Necr           18%        2d7       13%         3
 Ozocubu's Armour         Ice            1%         N/A       61%         3
 Volatile Blastmotes      Fire/Tloc      2%         2d10      61%         3
 Agony                    Necr           18%        N/A       75%         5
 Iskenderun's Mystic Bla  Conj/Tloc      5%         2d3       86%         4
 Fireball                 Conj/Fire      2%         3d4       99%         5
 Metabolic Englaciation   Hex/Ice        2%         N/A       99%         5
 Plasma Beam              Fire/Air       0%         2x1d11    100%        6
 Simulacrum               Ice/Necr       5%         N/A       100%        6
 Starburst                Conj/Fire      2%         6d3       100%        6


Dungeon Overview and Level Annotations

Branches:
Dungeon (7/15)             Bailey (1/1)
 Temple: D:4-7

Altars:
Cheibriados


Innate Abilities, Weirdness & Mutations

You are partially covered in slimy green scales. (AC +2)
Spells you cast may paralyse adjacent enemies.
You have a small tail.


Message History

The foxfire hits the orc knight but does no damage.
The orc knight is lightly wounded.
Casting: Foxfire (safe; 17% risk of failure)
Confirm with . or Enter, or press ? or * to list all spells.
You conjure some foxfire!
Malevolent energies surge around you.
The orc knight hits you but does no damage.
The orc knight hits your foxfire with a +0 war axe!
The orc knight is engulfed in a cloud of scalding steam.
The orc knight hits you with a +0 broad axe!!
You hit the orc knight but do no damage.
The orc knight is lightly wounded.
You are engulfed in a cloud of scalding steam.
The foxfire hits the orc knight but does no damage.
The orc knight is lightly wounded.
The orc knight is engulfed in a cloud of scalding steam.
The orc knight hits you with a +0 war axe!
Casting: Foxfire (safe; 17% risk of failure)
Confirm with . or Enter, or press ? or * to list all spells.
You conjure some foxfire!
Malevolent energies surge around you.
The orc knight hits you with a +0 broad axe!!
* * * LOW HITPOINT WARNING * * *
The orc knight hits you but does no damage.
Unknown command.
You completely miss the orc knight.
The orc knight is lightly wounded.
The foxfire hits the orc knight but does no damage.
The orc knight is lightly wounded.
The foxfire hits the orc knight but does no damage.
The orc knight is lightly wounded.
The orc knight is engulfed in a cloud of scalding steam.
You block the orc knight's attack.
Casting: Foxfire (safe; 17% risk of failure)
Confirm with . or Enter, or press ? or * to list all spells.
You conjure some foxfire!
Malevolent energies surge around you.
You are engulfed in a cloud of scalding steam.
The orc knight is engulfed in a cloud of scalding steam.
The orc knight hits you but does no damage.
The orc knight hits your foxfire with a +0 war axe!!
The orc knight hits you with a +0 broad axe!!
You die...

#≈≈≈≈≈~.#[[#
#..
#≈≈≈≈≈~.#..#
###
#≈≈≈≈≈~.#######
#.
#≈≈≈≈≈~.#..8.8.
#.
#≈≈≈≈≈~∩.......
#.
#≈≈≈≈≈~.#..8.8.
#.
#≈≈≈≈≈~.#######
#. #≈≈≈≈≈§v#..#
###
#≈≈≈≈≈§@#!?#
#..
#≈≈≈≈§oo#!!+
#..
#≈≈≈≈§#g####
#####..
#≈≈≈≈≈#..
+.8.8.8
#≈≈≈≈≈#...
#......
#≈≈≈≈≈#+#..
####### #≈≈≈≈
..+ #≈≈≈ ###


You could see 2 orc knights and a hobgoblin.

Vanquished Creatures
  A hornet (D:7)
  Grinder (D:5)
  Prince Ribbit (D:6)
  Sigmund (D:2)
  A steam dragon (D:6)
  Duvessa (D:7)
  Pargi (D:3)
  8 orc warriors (Bailey)
  2 phantoms
  A kobold brigand (D:7)
  3 scorpions
  A wight (D:5)
  Dowan (D:7)
  5 killer bees (D:6)
  2 electric eels (D:6)
  A howler monkey (D:6)
  A hound (D:4)
  An orc priest (D:4)
  3 sleepcaps
  Natasha (thrice) (D:4)
  An iguana (D:6)
  A hound zombie (D:4)
  2 hound skeletons (D:4)
  3 gnolls (D:5)
  A howler monkey skeleton (D:4)
  12 adders
  A shadow imp (D:6)
  A white imp (D:6)
  An adder skeleton (D:4)
  2 worms
  3 dart slugs
  15 orcs
  10 bats
  10 endoplasms
  2 giant cockroaches
  12 hobgoblins
  12 kobolds
  2 quokkas (D:1)
  6 ball pythons
  4 frilled lizards
  7 goblins
  A quokka skeleton (D:4)
  6 rats
154 creatures vanquished.

Vanquished Creatures (collateral kills)
  3 foxfires (D:6)
3 creatures vanquished.

Vanquished Creatures (others)
  55 foxfires
  A plant (D:6)
  20 withered plants (D:4)
76 creatures vanquished.

Grand Total: 233 creatures vanquished

Notes
Turn   | Place    | Note
-------+----------+-------------------------------------------
     0 | D:1      | IdlyInterested the Demonspawn Fighter began the quest for
                  | the Orb.
     0 | D:1      | Reached XP level 1. HP: 18/18 MP: 1/1
   121 | D:1      | Reached skill level 1 in Dodging
   126 | D:1      | Gained mutation: Spells you cast may paralyse adjacent
                  | enemies. [demonic ancestry]
   126 | D:1      | Reached XP level 2. HP: 21/24 MP: 2/2
   353 | D:1      | Reached skill level 1 in Stealth
   465 | D:1      | Reached XP level 3. HP: 29/29 MP: 3/3
   537 | D:1      | Reached skill level 1 in Short Blades
  1204 | D:2      | Reached skill level 1 in Spellcasting
  1226 | D:2      | Noticed Sigmund
  1252 | D:2      | Killed Sigmund
  1253 | D:2      | Reached skill level 3 in Short Blades
  1253 | D:2      | Reached skill level 1 in Throwing
  1253 | D:2      | Reached XP level 4. HP: 15/37 MP: 5/5
  1253 | D:2      | Reached XP level 5. HP: 18/42 MP: 6/6
  1384 | D:2      | Learned a level 1 spell: Foxfire
  1809 | D:2      | Found a faded altar of an unknown god.
  2322 | D:3      | Learned a level 3 spell: Dazzling Flash
  2717 | D:3      | Reached skill level 1 in Evocations
  2717 | D:3      | Gained mutation: You are partially covered in slimy green
                  | scales. (AC +2) [demonic ancestry]
  2717 | D:3      | Reached XP level 6. HP: 48/48 MP: 7/7
  2769 | D:3      | Noticed Pargi
  2787 | D:3      | Killed Pargi
  2788 | D:3      | Reached skill level 4 in Short Blades
  2788 | D:3      | Reached skill level 1 in Conjurations
  2807 | D:3      | Identified the +10 sling of the Endless March {freeze,
                  | Str+5 Dex+3}
  3575 | D:4      | Reached skill level 1 in Hexes
  3799 | D:4      | Reached XP level 7. HP: 55/55 MP: 8/8
  3807 | D:4      | Noticed Natasha
  3812 | D:4      | Killed Natasha
  3833 | D:4      | Identified the +6 dagger "Dyavo" {pain, rC+ Str+2 Int+7
                  | Dex-3}
  3841 | D:4      | Learned a level 1 spell: Necrotise
  3982 | D:4      | Noticed Natasha
  3988 | D:4      | Killed Natasha
  4057 | D:4      | Noticed Natasha
  4068 | D:4      | Killed Natasha
  4098 | D:5      | Entered Level 5 of the Dungeon
  4136 | D:5      | Reached skill level 1 in Necromancy
  4224 | D:5      | Reached skill level 5 in Fighting
  4224 | D:5      | Reached skill level 5 in Short Blades
  4256 | D:5      | Noticed Grinder
  4286 | D:5      | Killed Grinder
  4404 | D:5      | Gained mutation: You have a small tail. [demonic ancestry]
  4404 | D:5      | Reached XP level 8. HP: 52/62 MP: 9/9
  5005 | D:6      | Noticed Prince Ribbit
  5018 | D:6      | Killed Prince Ribbit
  5019 | D:6      | Reached skill level 6 in Short Blades
  5501 | D:6      | Found a snail-covered altar of Cheibriados.
  5927 | D:7      | Reached XP level 9. HP: 69/69 MP: 10/12
  5941 | D:7      | Reached skill level 7 in Short Blades
  6000 | D:7      | Noticed Dowan
  6001 | D:7      | Noticed Duvessa
  6010 | D:7      | Killed Dowan
  6018 | D:7      | Killed Duvessa
  6051 | D:7      | Found a flagged portal.
  6057 | Bailey   | Entered a bailey
  6231 | Bailey   | Reached skill level 8 in Short Blades
  6272 | Bailey   | Noticed an orc knight
  6274 | Bailey   | Noticed an orc knight
  6287 | Bailey   | Mangled by an orc knight

Illustrated notes

Levels and vault maps discovered:
D:1:      dpeg_arrival_subterranean_lakeside_camping, layout_basic
D:2:      layout_loops_corners, nicolae_ecumenical_lake_church, uniq_sigmund
D:3:      layout_loops_cross, general_overflow_altar, uniq_pargi
D:4:      layout_basic, grunt_decor_fettered, dilly_guarded_unrand_morg
D:5:      layout_loops_cross, small_statue_intersection, st_stairs_10,
          abandoned_shop, uniq_grinder
D:6:      layout_basic, lemuel_coloured_pillars_altar, chequers_big_river,
          lightli_orcish_oven, uniq_prince_ribbit1
D:7:      layout_loops_ring, gammafunk_temple_overflow_forgotten,
          fedhas_altar_1, minmay_temple_entry_crystal_x, enter_bailey_2,
          uniq_joseph, uniq_duvessa
Bailey:   bailey_axe_of_yendor_kennysheep, bailey

Skill      XL: |  1  2  3  4  5  6  7  8  9 |
---------------+----------------------------+-----
Dodging        | 1 2 3 |  3.1
Stealth        | 1 2 |  2.0
Short Blades   | 3 4 5 6 8 |  8.1
Spellcasting   | 1 2 |  2.0
Fighting       | 4 5 6 |  6.9
Throwing       | 1 2 |  2.0
Evocations     | 1 2 |  2.0
Conjurations   | 1 2 |  2.0
Hexes          | 1 2 |  2.0
Necromancy     | 3 4 |  4.4
Axes           | |  1.7
Armour         | |  2.6
Shields        | |  2.6

Action                     |  1- 3 |  4- 6 |  7- 9 || total
---------------------------+-------+-------+-------++-------
  Melee: War axe           |   124 |   165 |     6 ||   295
         Dagger            |       |       |   281 ||   281
         Tailslap          |       |       |    21 ||    21
  Throw: Stone             |       |     1 |    20 ||    21
         Dart              |       |       |     1 ||     1
   Cast: Foxfire           |       |       |    33 ||    33
         Necrotise         |       |       |    13 ||    13
    Use: Potion            |     1 |       |     1 ||     2
   Stab: Paralysed         |       |       |    23 ||    23
         Sleeping          |       |       |     1 ||     1
 Armour: Scale mail        |    67 |    23 |       ||    90
         Chain mail        |       |    63 |       ||    63
         Troll leather arm |       |    35 |    85 ||   120
  Dodge: Dodged            |    76 |   103 |   116 ||   295
  Block: Buckler           |    30 |    48 |    37 ||   115

Table legend: (Time is in decaauts)
 A = Elapsed time spent in this place.
 B = Non-inter-level travel time spent in this place.
 C = Inter-level travel time spent in this place.
 D = Time resting spent in this place.
 E = Time spent auto-exploring this place.
 F = Levels seen in this place.
 G = Mean time per level.
                   A        B        C        D        E       F      G
               +--------+--------+--------+--------+--------+-----+--------+
         Total |   6368 |   5506 |    862 |    262 |   3604 |   8 |  796.0 |
       Dungeon |   6160 |   5298 |    862 |    245 |   3546 |   7 |  880.0 |
        Bailey |    207 |    207 |      0 |     17 |     58 |   1 |  207.0 |
               +--------+--------+--------+--------+--------+-----+--------+

Top non-repeatable levels by time:
     D:2: 1506 daAuts
     D:1: 1025 daAuts
     D:3: 958 daAuts
     D:6: 914 daAuts
     D:5: 822 daAuts
     D:4: 798 daAuts
  Bailey: 207 daAuts
     D:7: 134 daAuts
